 Dungeon Crawl Stone Soup version 0.21.1-1-g345015fe64 (webtiles) character file.

81 Hercules1031 the Ducker (level 4, -1/23 HPs)
             Began as a Spriggan Monk on June 14, 2018.
             Slain by an orc
             ... wielding a +0 short sword
              (7 damage)
             ... on level 3 of the Dungeon.
             The game lasted 00:14:51 (2359 turns).

Hercules1031 the Ducker (Spriggan Monk)             Turns: 2359, Time: 00:14:52

Health: -1/23      AC:  2    Str: 13    XL:     4   Next: 19%
Magic:  5/5        EV: 27    Int: 13    God:
Gold:   119        SH:  0    Dex: 23    Spells: 3/3 levels left

rFire    . . .     SeeInvis +   d - +2 dagger (speed)
rCold    . . .     Gourm    .   (shield restricted)
rNeg     . . .     Faith    .   b - +0 robe
rPois    .         Spirit   .   (helmet restricted)
rElec    .         Reflect  .   (no cloak)
rCorr    .         Harm     .   (gloves unavailable)
MR       .....                  (boots unavailable)
Stlth    ++++......             (no amulet)
HPRegen  0.07/turn              (no ring)
MPRegen  0.09/turn              (no ring)

@: mighty, agile, very quick
A: very small, unfitting armour, horns 1, see invisible, clever 1, herbivore,
speed 3, slow metabolism 2
a: no special abilities


You were on level 3 of the Dungeon.
You were full.

You visited 1 branch of the dungeon, and saw 3 of its levels.

You collected 119 gold pieces.

Inventory:

Hand Weapons
 a - a +0 short sword
 d - a +2 dagger of speed (weapon)
 e - a +1 dagger of electrocution
 f - a +2 short sword of draining
Armour
 b - a +0 robe (worn)
Wands
 l - a wand of iceblast (6)
Scrolls
 g - 2 scrolls of identify
 h - a scroll of remove curse
 j - a scroll of teleportation {unknown}
 m - 2 scrolls of fear {unknown}
Comestibles
 c - 2 rations


   Skills:
 - Level 2.4 Fighting
 + Level 4.8 Short Blades
 + Level 5.7 Dodging
 - Level 3.0 Stealth


You had 3 spell levels left.
You didn't know any spells.

Dungeon Overview and Level Annotations

Branches:
Dungeon (3/15)

Altars:
Gozag
Kikubaaqudgha
Wu Jian
Zin


Innate Abilities, Weirdness & Mutations

You are very small and have problems with some larger weapons.
You are too small for most types of armour.
You have supernaturally acute eyesight. (SInv)
You are a herbivore.
You cover ground extremely quickly.
You need consume almost no food.
You have a pair of small horns on your head.
Your mind is acute. (Int +2)


Message History

The tomahawk completely misses you.
You're too confused to move!
The orc wizard barely misses you.
You bump into the rock wall.
The orc wizard barely misses you.
You barely miss the orc wizard. Your headbutt misses the orc wizard.
The orc wizard hits you but does no damage.
You hit the orc wizard. You headbutt the orc wizard.
The orc wizard is heavily wounded.
You bump into the rock wall.
The orc wizard completely misses you.
You hit the orc wizard.
The orc wizard is almost dead.
The orc wizard gestures at you while chanting.
The puff of flame misses you.
You feel less confused.
You puncture the orc wizard!
You kill the orc wizard!
You have reached level 4!
Things that are here:
a dagger; a robe You closely miss the orc.
The orc hits you with a short sword!
You die...

... #.......##..#.#.#.#
### #.##.#.............
####.#......#.#.#.#
#.##............
#........#.#.#.# #######
######.##........ #.....#
#...(...#.#.#.#.#
#.....###...8...#........
+....†oo@..8.8..##...#.##
#.....###.8._.8..#.#.#..#
#....####..8.8...#.#.#...
##### #....8......#.....
#........#######..
#...'.............
#...########...##. #...#
#..#.#... #...# #........


You could see 2 orcs.

Vanquished Creatures
  An orc wizard (D:3)
  2 dart slugs
  2 leopard geckos
  3 orcs (D:3)
  8 goblins
  7 hobgoblins
  3 jackals (D:2)
  5 kobolds (D:1)
  A ball python (D:2)
  9 bats
  2 frilled lizards
  5 rats
48 creatures vanquished.

Notes
Turn   | Place    | Note
-------+----------+-------------------------------------------
     0 | D:1      | Hercules1031 the Spriggan Monk began the quest for the Orb.
     0 | D:1      | Reached XP level 1. HP: 11/11 MP: 2/2
   255 | D:1      | Reached XP level 2. HP: 12/16 MP: 3/3
   874 | D:2      | Reached skill level 5 in Dodging
   930 | D:2      | Reached XP level 3. HP: 14/19 MP: 4/4
  1781 | D:3      | Found an ornate altar of the Wu Jian Council.
  1840 | D:3      | Found a faded altar of an unknown god.
  1943 | D:3      | Found a glowing silver altar of Zin.
  1945 | D:3      | Found an opulent altar of Gozag.
  1946 | D:3      | Found an ancient bone altar of Kikubaaqudgha.
  2146 | D:3      | Gained mutation: You have a pair of small horns on your head. [potion of mutation]
  2146 | D:3      | Gained mutation: Your mind is acute. (Int +2) [potion of mutation]
  2357 | D:3      | Reached XP level 4. HP: 6/23 MP: 5/5
  2359 | D:3      | Slain by an orc

Skill      XL: |  1  2 |
---------------+-------+-----
Short Blades   | 4 |  4.8
Dodging        | 5 |  5.7
Fighting       | |  2.4
Stealth        | |  3.0

Action                   |  1- 3 |  4- 6 || total
-------------------------+-------+-------++-------
Melee: Short sword       |    55 |       ||    55
       Dagger            |    75 |     1 ||    76
       Headbutt          |     2 |       ||     2
  Use: Potion            |     8 |       ||     8
       Scroll            |     4 |       ||     4
 Stab: Sleeping          |    11 |       ||    11
  Eat: Ration            |     2 |       ||     2
Armor: Robe              |    11 |       ||    11
Dodge: Dodged            |    97 |       ||    97
